 Dungeon Crawl Stone Soup version 0.28-a0-48-gfd831c5874 (webtiles) character file.

Game seed: 13086828027845780842

3 Spectrina the Sneak (level 1, -1/13 HPs)
             Began as a Deep Elf Delver on July 29, 2021.
             Was an Initiate of Ashenzari.
             Slain by an adder (2 damage)
             ... on level 3 of the Dungeon.
             The game lasted 00:03:07 (277 turns).

Spectrina the Sneak (Deep Elf Delver)                Turns: 277, Time: 00:03:07

Health: -1/13      AC:  3    Str:  9    XL:     1   Next: 41%
Magic:  3/3        EV: 12    Int: 14    God:    Ashenzari [......]
Gold:   19         SH:  0    Dex: 16    Spells: 0/0 levels left

rFire   . . .      SeeInvis .   a - +0 short sword
rCold   . . .      Faith    .   (no shield)
rNeg    . . .      Spirit   .   b - +0 leather armour
rPois   .          Reflect  .   (no helmet)
rElec   .          Harm     .   (no cloak)
rCorr   .          Rampage  .   (no gloves)
Will    .....                   (no boots)
Stlth   +++.......              (no amulet)
HPRegen 0.04/turn               (no ring)
MPRegen 0.08/turn               (no ring)

@: no status effects
A: no striking features
a: Renounce Religion


You were on level 3 of the Dungeon.
You worshipped Ashenzari.
Ashenzari was noncommittal.
You visited 1 branch of the dungeon, and saw 3 of its levels.

You collected 19 gold pieces.

Inventory:

Hand Weapons
 a - a +0 short sword (weapon)
Armour
 b - a +0 leather armour (worn)
Jewellery
 i - a ring of fire
Wands
 g - a wand of digging (3)
Scrolls
 c - a scroll of fog
 d - a scroll of magic mapping
 e - a scroll of fear
 h - a scroll of enchant armour
 j - a scroll of identify
Potions
 f - a potion of haste


   Skills:
 - Level 2.4 Fighting
 - Level 2.0 Short Blades
 - Level 2.4 Dodging
 - Level 6.2 Stealth
 + Level 0.0 Spellcasting
 + Level 0.0 Ice Magic


You couldn't memorise any spells.
You didn't know any spells.
Your spell library contained the following spells:

 Spells                   Type           Power      Damage    Failure   Level
 Freeze                   Ice            0%         1d3       38%         1
 Frozen Ramparts          Ice            0%         1d2       77%         3
 Hailstorm                Conj/Ice       0%         3d3       99%         4


Dungeon Overview and Level Annotations

Branches:
Dungeon (5/15)
 Temple: D:4-7

Altars:
Ashenzari


Message History

The adder poisons you!
Your leather armour prevents you from hitting the adder.
You feel sick. The adder completely misses you.
Okay, then.
Okay, then.
Okay, then.
You feel sick.
You feel sick. The adder completely misses you. The adder barely misses you.
You feel sick.
You feel sick.
You are no longer poisoned.
The adder barely misses you.
You barely miss the adder.
You hear the rusting of a drain.
The adder closely misses you. The adder misses you.
You hit the adder.
The adder is heavily wounded.
The adder bites you but does no damage.
You closely miss the adder.
The adder is heavily wounded.
The adder closely misses you.
You hit the adder.
The adder is severely wounded.
The adder bites you.
You closely miss the adder.
The adder is severely wounded.
The adder bites you.
* * * LOW HITPOINT WARNING * * *
The adder misses you.
Unknown command.
Okay, then.
You hit the adder but do no damage.
The adder is severely wounded.
The adder bites you.
* * * LOW HITPOINT WARNING * * *
Unknown command.
You hit the adder.
The adder is almost dead.
The adder bites you.
You die...

#...#'###+######...##
####.##...##.# #.....#
#....###.....# ##...##
#.#### ####### ##.## #.# #.#
######### ##### #.#
######.≈≈≈≈≈S≈∩ #...# #.#
.......##########...# #.#
...........#....@S..# #.#
.......#.#>#..#.....# #.#
.##.................# #.#
.##.##.#.......###### ###.#
.##.##.#...#.#.#########...#
.##.##.......#.##......#.###
.##.####...###.##.# #.#.#
.##.####...###.##.####.#.#
###......................#


You could see an adder.

Vanquished Creatures
  An endoplasm (D:3)
  A quokka (D:3)
  A ball python (D:3)
3 creatures vanquished.

Vanquished Creatures (others)
  A plant (D:4)
1 creature vanquished.

Grand Total: 4 creatures vanquished

Notes
Turn   | Place    | Note
-------+----------+-------------------------------------------
     0 | D:5      | Spectrina the Deep Elf Delver began the quest for the Orb.
     0 | D:5      | Reached XP level 1. HP: 13/13 MP: 3/3
    38 | D:4      | Found the amulet of the Air {Inacc Air Fly rElec RMsl}
   170 | D:3      | Found a broken altar of Ashenzari.
   193 | D:3      | Became a worshipper of Ashenzari the Shackled
   277 | D:3      | Slain by an adder

Illustrated notes

Levels and vault maps discovered:
D:3:      layout_loops_cross, nicolae_overflow_hidden_temple,
          mainiacjoe_overflow_six_doors_small,
          shapermc_ecumenical_altar_starsandcircs, portal_sewer_entry_d
D:4:      layout_cave_pools, mainiacjoe_overflow_alcove_1, serial_forest,
          infiniplex_forest_clump_double, infiniplex_forest_lined_room_2,
          infiniplex_forest_straight_5, infiniplex_forest_end_3,
          infiniplex_forest_end_1, infiniplex_forest_lined_2
D:5:      layout_basic, lemuel_crystal_altar, amcnicky_altar_gilded,
          uniq_grinder

Action                   || total
-------------------------++-------
Melee: Short sword       ||    21
 Stab: Sleeping          ||     1
Armor: Leather armour    ||     3
Dodge: Dodged            ||    18

Table legend: (Time is in decaauts)
 A = Elapsed time spent in this place.
 B = Non-inter-level travel time spent in this place.
 C = Inter-level travel time spent in this place.
 D = Time resting spent in this place.
 E = Time spent auto-exploring this place.
 F = Levels seen in this place.
 G = Mean time per level.
                   A        B        C        D        E       F      G
               +--------+--------+--------+--------+--------+-----+--------+
         Total |    276 |    276 |      0 |      0 |      0 |   3 |   92.0 |
       Dungeon |    276 |    276 |      0 |      0 |      0 |   3 |   92.0 |
               +--------+--------+--------+--------+--------+-----+--------+

Top non-repeatable levels by time:
     D:3: 208 daAuts
     D:5: 37 daAuts
     D:4: 30 daAuts
